 Dungeon Crawl Stone Soup version 0.28.0 (webtiles) character file.

Game seed: 15580884965509062776

92 Minsecho the Chiller (level 4, 0/31 HPs)
             Began as a Merfolk Ice Elementalist on Feb 6, 2022.
             Slain by Crazy Yiuf (11 damage)
             ... on level 2 of the Dungeon.
             The game lasted 00:04:29 (2871 turns).

Minsecho the Chiller (Merfolk Ice Elementalist)     Turns: 2871, Time: 00:04:30

Health: 0/31       AC:  2    Str: 10    XL:     4   Next: 60%
Magic:  2/8        EV: 18    Int: 14    God:
Gold:   105        SH:  0    Dex: 14    Spells: 4/8 levels left

rFire   . . .      SeeInvis .   e - +0 spear
rCold   . . .      Faith    .   (no shield)
rNeg    . . .      Spirit   .   a - +0 robe
rPois   .          Reflect  .   (no helmet)
rElec   .          Harm     .   (no cloak)
rCorr   .          Rampage  .   (no gloves)
Will    .....                   (no boots)
Stlth   ++........              (no amulet)
HPRegen 0.10/turn               (no ring)
MPRegen 0.11/turn               (no ring)

@: agile, lethally poisoned (0 -> -3), freezing walls
A: (nimble swimmer 2), mertail
a: no special abilities


You were on level 2 of the Dungeon.
You visited 1 branch of the dungeon, and saw 2 of its levels.

You collected 105 gold pieces.

Inventory:

Hand Weapons
 c - a +0 dagger
 e - a +0 spear (weapon)
 g - a +0 dagger of venom
Armour
 a - a +0 robe (worn)
Scrolls
 b - a scroll of amnesia {unknown}
 d - 2 scrolls of immolation {unknown}
 i - 2 scrolls of identify {unknown}
Potions
 f - a potion of degeneration {unknown}
 h - 2 potions of mutation {unknown}


   Skills:
 + Level 0.6 Fighting
 + Level 1.5 Polearms
 + Level 3.5 Dodging
 + Level 2.6 Stealth
 + Level 2.6 Spellcasting
 + Level 5.2 Ice Magic


You had 4 spell levels left.
You knew the following spells:

 Your Spells              Type           Power      Damage    Failure   Level
a - Freeze                Ice            64%        1d8       2%          1
b - Frozen Ramparts       Ice            32%        1d5       8%          3

Your spell library contained the following spells:

 Spells                   Type           Power      Damage    Failure   Level
 Ozocubu's Armour         Ice            16%        N/A       8%          3
 Hailstorm                Conj/Ice       9%         3d4       58%         4


Dungeon Overview and Level Annotations

Branches:
Dungeon (2/15)

Altars:

Annotations:
D:2 Crazy Yiuf


Innate Abilities, Weirdness & Mutations

((You are very nimble when in or above water. (Stealth+, EV+, Speed+++)))
Your lower body shifts to a powerful aquatic tail in water.


Message History

Casting: Freeze (safe; 2% risk of failure)
Confirm with . or Enter, or press ? or * to list all spells.
You don't know that spell.
You freeze Crazy Yiuf.
Crazy Yiuf is moderately wounded.
Crazy Yiuf hits you with a +3 quarterstaff of chaos!
You are poisoned.
You freeze Crazy Yiuf.
Crazy Yiuf is heavily wounded.
You feel sick.
Crazy Yiuf whimpers, "Papa rumpyflump pontify!"
Crazy Yiuf drinks a potion.
Crazy Yiuf is healed!
Casting: Freeze (safe; 2% risk of failure)
Confirm with . or Enter, or press ? or * to list all spells.
The spell is quite dangerous to miscast (8% risk of failure)!
Continue anyway?
Okay, then.
Casting: Frozen Ramparts (quite dangerous; 8% risk of failure)
Confirm with . or Enter, or press ? or * to list all spells.
The spell is quite dangerous to miscast (8% risk of failure)!
Continue anyway?
Casting: Frozen Ramparts (quite dangerous; 8% risk of failure)
Press: ? - help, Dir - look around, f - activate The walls around you are covered in ice.
You feel sick.
The wall freezes Crazy Yiuf.
Crazy Yiuf hits you with a +3 quarterstaff of chaos!
You feel agile all of a sudden.
Unknown command.
Casting: Frozen Ramparts (quite dangerous; 8% risk of failure)
Confirm with . or Enter, or press ? or * to list all spells.
You don't know that spell.
You are too injured to fight recklessly!
Casting: Frozen Ramparts (quite dangerous; 8% risk of failure)
Confirm with . or Enter, or press ? or * to list all spells.
Aiming: Freeze (safe; 2% risk of failure)
Press: ? - help, Shift-Dir - straight line, f - Crazy Yiuf
Aim: Crazy Yiuf, wielding a +3 quarterstaff of chaos and wearing a +0 cloak (heavily wounded)
You freeze Crazy Yiuf.
Crazy Yiuf is severely wounded.
You feel sick.
The wall freezes Crazy Yiuf.
Crazy Yiuf hits you with a +3 quarterstaff of chaos!
You die...

############# ............#
............# ........#####
........# ........# ........##♣♣
### ........#..♣♣ ♣♣#..)#
............♣♣♣♣@g...# #########
.............♣..♣#...# #.......#
........#...♣.♣♣♣ ### #######.#
......).##♣♣♣♣♣ #..# #.#
######)## ##.####.#
.....).)################.)..>#.#
#######)#...............#)##.#.#
#.#.#########.#.###.##.#.#
#.#.#<.#.# #.#.#...##.#)#


You could see Crazy Yiuf.

Vanquished Creatures
  Robin (D:2)
  3 adders (D:2)
  5 bats (D:2)
  3 endoplasms (D:1)
  16 goblins
  3 hobgoblins (D:2)
  3 quokkas (D:1)
  7 ball pythons
  2 frilled lizards
  7 kobolds
  3 rats
53 creatures vanquished.

Vanquished Creatures (others)
  A plant (D:2)
1 creature vanquished.

Grand Total: 54 creatures vanquished

Notes
Turn   | Place    | Note
-------+----------+-------------------------------------------
     0 | D:1      | Minsecho the Merfolk Ice Elementalist began the quest for
                  | the Orb.
     0 | D:1      | Reached XP level 1. HP: 13/13 MP: 3/3
   469 | D:1      | Reached XP level 2. HP: 19/19 MP: 1/5
   792 | D:1      | Found a faded altar of an unknown god.
  1478 | D:2      | Reached XP level 3. HP: 24/24 MP: 6/6
  1620 | D:1      | Learned a level 3 spell: Frozen Ramparts
  1628 | D:2      | Reached skill level 5 in Ice Magic
  2066 | D:2      | Noticed Robin
  2073 | D:2      | Reached skill level 1 in Polearms
  2074 | D:2      | Killed Robin
  2075 | D:2      | Reached XP level 4. HP: 23/31 MP: 3/7
  2170 | D:2      | Found a runed translucent door.
  2171 | D:2      | Noticed Crazy Yiuf
  2871 | D:2      | Slain by Crazy Yiuf

Illustrated notes

Levels and vault maps discovered:
D:1:      sevenhm_arrival_forest_fort_large_2, layout_loops_cross,
          hellmonk_ecumenical_altar_arch_garden, minmay_box_of_dots
D:2:      layout_basic, serial_forest, infiniplex_forest_lined_3,
          infiniplex_forest_corner_2, infiniplex_forest_lined_corner,
          infiniplex_forest_lined_room_3, uniq_crazy_yiuf_cottage, uniq_robin

Skill      XL: |  1  2  3 |
---------------+----------+-----
Dodging        | 3 |  3.5
Ice Magic      | 5 |  5.2
Polearms       | 1 |  1.5
Fighting       | |  0.6
Stealth        | |  2.6
Spellcasting   | |  2.6

Action                   |  1- 3 |  4- 6 || total
-------------------------+-------+-------++-------
Melee: Dagger            |    12 |       ||    12
       Spear             |    50 |    33 ||    83
       Punch             |     1 |     1 ||     2
 Cast: Freeze            |    25 |    11 ||    36
       Frozen Ramparts   |     2 |     1 ||     3
 Stab: Sleeping          |     3 |     2 ||     5
Armor: Robe              |    11 |     7 ||    18
Dodge: Dodged            |    66 |    21 ||    87
